 Dungeon Crawl Stone Soup version 0.26-a0-639-g72c4674329 (webtiles) character file.

Game seed: 2219599878751791016

236250 Flugslaktarn the Warrior (level 18, -26/178 HPs)
             Began as a Minotaur Fighter on Sept 22, 2020.
             Was the Champion of Makhleb.
             Killed from afar by a fire dragon (61 damage)
             ... with a blast of flame
             ... on level 2 of the Depths.
             The game lasted 00:19:56 (23393 turns).

Flugslaktarn the Warrior (Minotaur Fighter)        Turns: 23393, Time: 00:19:57

Health: -26/178    AC: 38    Str: 23      XL:     18   Next: 0%
Magic:  44/44      EV: 10    Int:  4 (6)  God:    Makhleb [******]
Gold:   814        SH: 20    Dex: 13      Spells: 17/17 levels left

rFire    . . .     SeeInvis .   a - +4 broad axe (flame)
rCold    + . .     Faith    +   L - +0 tower shield
rNeg     . . .     Spirit   .   f - +7 plate armour of the Bulwark {Regen+ MP+9}
rPois    +         Reflect  .   (helmet restricted)
rElec    .         Harm     .   P - +2 cloak {rPois}
rCorr    .         Rampage  .   j - +2 pair of gloves
MR       +....                  O - +2 pair of boots of Gagidiof {Regen+}
Stlth    ..........             F - amulet of faith
HPRegen  1.19/turn              p - +4 ring of protection
MPRegen  0.29/turn              R - ring of Generosity {rC+ MP+9 Slay+5}

@: hasted, very quick
A: retaliatory headbutt, fangs 1, horns 2, weak 1, wild magic 1
}: 3/15 runes: serpentine, barnacled, abyssal
a: Minor Destruction, Lesser Servant of Makhleb, Major Destruction, Greater
Servant of Makhleb, Renounce Religion


You were on level 2 of the Depths.
You worshipped Makhleb.
Makhleb was exalted by your worship.
You visited 7 branches of the dungeon, and saw 32 of its levels.
You visited the Abyss 1 time.
You also visited: Ice Cave.

You collected 4284 gold pieces.
You spent 3470 gold pieces at shops.

Inventory:

Hand Weapons
 a - a +4 broad axe of flaming (weapon)
   (You took it off Maggie on level 2 of the Lair of Beasts)
 b - a +1 short sword of distortion
   (You took it off a naga on level 4 of the Snake Pit)
Missiles
 y - 7 throwing nets (quivered)
Armour
 f - the +7 plate armour of the Bulwark (worn) {Regen+ MP+9}
   (You bought it in a shop on level 2 of the Orcish Mines)

   It affects your magic capacity (+9).
   It increases your rate of regeneration.
 j - a +2 pair of gloves (worn)
   (You found it on level 1 of the Dungeon)
 s - +0 storm dragon scales
   (You found it on level 14 of the Dungeon)
 E - a +2 cloak
   (You found it on level 10 of the Dungeon)
 L - a +0 tower shield (worn)
   (You took it off a naga warrior on level 4 of the Snake Pit)
 O - the +2 pair of boots of Gagidiof (worn) {Regen+}
   (You bought it in a shop on level 9 of the Dungeon)

   It increases your rate of regeneration.
 P - a +2 cloak of poison resistance (worn)
   (You took it off Nikola on level 1 of the Snake Pit)
Jewellery
 k - an uncursed ring of resist corrosion
   (You found it on level 13 of the Dungeon)
 m - an uncursed ring of protection from magic
   (You took it off a gnoll sergeant on level 7 of the Dungeon)
 o - an uncursed ring of protection from magic
   (You found it on level 3 of the Snake Pit)
 p - a +4 ring of protection (left hand)
   (You found it on level 10 of the Dungeon)
 v - a +4 ring of evasion
   (You found it on level 1 of the Dungeon)
 F - an amulet of faith (around neck)
   (You found it on level 10 of the Dungeon)
 R - the ring of Generosity (right hand) {rC+ MP+9 Slay+5}
   (You bought it in a shop on level 2 of the Orcish Mines)

   [ring of protection from cold]

   It affects your accuracy and damage with ranged weapons and melee attacks
   (+5).
   It protects you from cold.
   It affects your magic capacity (+9).
Wands
 l - a wand of acid (16)
   (You found it on level 8 of the Dungeon)
 n - a wand of paralysis (10)
   (You found it on level 8 of the Dungeon)
 S - a wand of enslavement (6)
   (You found it on level 11 of the Dungeon)
 T - a wand of digging (5)
   (You found it on level 3 of the Abyss)
Scrolls
 c - 3 scrolls of enchant armour
 g - 6 scrolls of magic mapping
 i - 3 scrolls of immolation
 r - 4 scrolls of identify
 t - 4 scrolls of teleportation
 u - a scroll of holy word
 x - 10 scrolls of remove curse
 z - 2 scrolls of blinking
 H - 4 scrolls of fear
 N - 2 scrolls of fog
Potions
 d - 2 potions of might
 h - 5 potions of haste
 q - 2 potions of curing
 w - 2 potions of heal wounds
 B - 3 potions of magic
 C - 2 potions of mutation
 D - 2 potions of berserk rage
 G - 3 potions of lignification
 J - a potion of ambrosia
 M - 2 potions of flight
 Q - 2 potions of resistance {unknown}


   Skills:
 * Level 20.2 Fighting
 - Level 18.0 Axes
 + Level 15.2 Armour
 + Level 9.6 Dodging
 + Level 15.2 Shields
 + Level 12.0 Invocations


You had 17 spell levels left.
You didn't know any spells.
Your spell library was empty.

Dungeon Overview and Level Annotations

Branches:
Dungeon (15/15)            Temple (1/1) D:7            Lair (4/6) D:11
 Shoals (4/4) Lair:2        Snake (4/4) Lair:4          Orc (2/2) D:9
    Elf (0/3) Orc:2        Vaults (0/5) D:13         Depths (2/5) D:15
  IceCv (visited)

Altars:
Ashenzari
Cheibriados
Dithmenos
Elyvilon
Fedhas
Gozag
Hepliaklqana
Kikubaaqudgha
Makhleb
Nemelex Xobeh
Okawaru
Qazlal
Ru
Sif Muna
Trog
Uskayaw
Vehumet
Xom
Yredelemnul
Zin
The Shining One

Shops:
D:9 [   Orc:2 *([?===

Portals:
Hell: Depths:1


Innate Abilities, Weirdness & Mutations

You reflexively headbutt those who attack you in melee.
You have a pair of horns on your head.
You have very sharp teeth.
You are weak. (Str -2)
Your spells are a little harder to cast, but a little more powerful.


Message History

You slash the glowing orange brain! You burn the glowing orange brain!
You bite the glowing orange brain.
You kill the glowing orange brain!
Makhleb accepts your kill.
You feel better.
Reactivating autopickup.
The green death disappears in a puff of smoke!
You have reached level 18!
Your experience leads to an increase in your attributes!
Your base attributes are Str 24, Int 6, Dex 13.
Increase (s)trength, (i)ntelligence, or (d)exterity?
You feel stronger.
You slash the fire dragon!
You hit the deep troll but do no damage.
You block the deep troll's attack. x2; The deep troll claws you.
* * * LOW HITPOINT WARNING * * *
You feel yourself speed up. The fire dragon breathes flames at you.
The blast of flame hits you!!!
You die...

........ .. # #..
#.....# ...##/##
.....##. #.....#
#....#.. .......#
#)....#. #....#.#
.ยง.....#
.......#
#......##........
#.###..#
#.......# ......
O#..
#.......##.......
#Q.g..
#.....D...# ....
.#....#
#....@TcD.##....#
#.....#
########.(Y.#
.#...#.#
........(...##.
..###..#
..#..........#
.#.. ..
##........## #...
##.......# ..
.#......#
...#.#....#
#cG.#........


You could see a fire dragon (catching breath), an ice dragon, a deep troll, a
yaktaur and a dream sheep.

Vanquished Creatures
  Nikola (Snake:1)
  Frances (Snake:1)
  2 tentacled starspawn
  2 storm dragons (D:14)
  14 nagarajas
  Donald (Snake:1)
  A deep elf sorcerer (Depths:2)
  A cacodemon (Abyss:4)
  An angel (Abyss:3)
  3 stone giants
  A war gargoyle (Abyss:3)
  5 very ugly things
  An ettin (Depths:1)
  A fire dragon (Depths:1)
  2 merfolk impalers
  A great orb of eyes (Depths:1)
  Erolcha (Orc:1)
  An ice dragon (Depths:1)
  2 hydras
  Fannar (Lair:2)
  12 naga warriors
  3 catoblepae
  A spriggan air mage (Depths:2)
  A rakshasa (Depths:1)
  2 anacondas (Snake:1)
  A centaur warrior (D:13)
  5 two-headed ogres
  A merfolk aquamancer (Shoals:1)
  A merfolk avatar (Shoals:1)
  7 death yaks (Lair:2)
  2 tengu warriors (Depths:1)
  A satyr (Shoals:4)
  3 hell hogs (Abyss:3)
  7 shock serpents
  A vampire mage (Depths:1)
  9 naga sharpshooters
  3 orc high priests (Orc:2)
  8 large abominations
  4 thrashing horrors (Abyss:4)
  2 sixfirhies
  A fire crab (shapeshifter) (Depths:1)
  6 skeletal warriors (D:15)
  2 wretched stars (Abyss:3)
  A shadow wraith (Abyss:4)
  4 sea snakes
  3 spatial maelstroms (Abyss:3)
  3 glowing orange brains
  A spark wasp zombie (D:15)
  2 salamander mystics
  6 starcursed masses (Abyss:3)
  6 naga ritualists
  A flayed ghost (D:15)
  An orange crystal statue (Abyss:4)
  2 wizards
  A necromancer (D:15)
  6 orc knights
  5 ugly things
  3 harpies (Shoals:3)
  3 orc sorcerers (Orc:2)
  6 cyclopes
  8 manticores
  2 deep elf magi
  6 fauns
  3 mana vipers
  A mana viper (shapeshifter) (Depths:1)
  A stone giant skeleton (D:15)
  3 worldbinders
  6 salamanders
  17 black mambas
  4 molten gargoyles (D:9)
  22 naga magi
  2 orange demons (Abyss:4)
  13 guardian serpents
  An apocalypse crab (Abyss:3)
  3 water nymphs (Shoals:4)
  5 cane toads
  Maggie (Lair:2)
  A gargoyle (Abyss:3)
  3 smoke demons (Abyss:3)
  2 rime drakes (Lair:3)
  5 yaktaurs (Depths:1)
  2 yaktaurs (shapeshifter) (Abyss:3)
  8 komodo dragons
  A hellwing (Abyss:4)
  A tengu conjurer (Depths:1)
  2 kobold demonologists
  4 ancient zymes
  5 catoblepas skeletons (Abyss:3)
  2 jumping spiders (shapeshifter)
  A yaktaur skeleton (D:15)
  6 trolls
  2 hornets
  8 merfolk
  A wind drake (Shoals:1)
  A blink frog (shapeshifter) (D:15)
  3 snapping turtles
  A raiju (Abyss:3)
  18 blink frogs
  9 slime creatures
  4 hippogriffs
  9 dream sheep
  An air elemental (Abyss:3)
  A ynoxinul (Abyss:3)
  A vampire (D:14)
  2 wraiths
  A spriggan (Depths:2)
  4 water elementals (Shoals:1)
  2 shadows
  A fire dragon skeleton (D:15)
  4 wyverns
  33 yaks
  A spatial vortex (Abyss:3)
  6 basilisks
  2 chaos spawn
  11 vampire mosquitoes
  3 wargs (Orc:1)
  2 acid dragons
  Menkaure (D:6)
  44 nagas
  2 soldier ants
  6 water moccasins
  4 porcupines
  18 orc warriors
  2 sky beasts
  An eye of draining (D:8)
  5 ice beasts
  3 black bears
  3 phantoms
  An eye of draining (shapeshifter) (Abyss:3)
  A necrophage (D:11)
  8 ogres
  14 wolves
  9 centaurs
  4 crocodiles
  12 bullfrogs
  2 big kobolds
  A wyvern zombie (D:14)
  2 gnoll sergeants
  6 earth elementals (Abyss:3)
  5 scorpions
  7 killer bees
  6 wights
  4 howler monkeys
  A lava snake (D:9)
  2 centaur zombies
  A bullfrog zombie (D:5)
  A quasit (D:7)
  6 hounds
  3 jellies
  4 centaur skeletons
  19 orc priests
  An iron imp (Abyss:3)
  29 orc wizards
  5 iguanas
  7 worker ants
  4 hell rats (Lair:2)
  A killer bee zombie (D:6)
  5 small abominations
  A hound zombie (D:5)
  A hound skeleton (D:6)
  3 worker ant zombies
  12 adders
  13 gnolls
  A howler monkey skeleton (D:5)
  An ooze (D:1)
  An adder zombie (D:7)
  An adder skeleton (D:4)
  3 worms
  5 leopard geckos
  82 orcs
  4 giant cockroaches
  6 goblins
  6 hobgoblins
  19 kobolds
  7 quokkas
  9 bats
  3 frilled lizards
  6 rats
  3 starspawn tentacles
899 creatures vanquished.

Vanquished Creatures (collateral kills)
  2 hydras
  A hippogriff (D:14)
  A howler monkey (D:14)
  A hound (D:14)
5 creatures vanquished.

Vanquished Creatures (others)
  A naga warrior (Snake:4)
  An anaconda (Snake:1)
  A mana viper (Snake:1)
  A cyclops (D:14)
  A black mamba (Snake:1)
  An ice beast (shapeshifter) (D:14)
  A boggart (D:14)
  An orc wizard (Orc:2)
  8 fungi
  A lurking horror (Abyss:3)
  80 plants
  3 starspawn tentacles
100 creatures vanquished.

Grand Total: 1004 creatures vanquished

Notes
Turn   | Place    | Note
-------+----------+-------------------------------------------
     0 | D:1      | Flugslaktarn the Minotaur Fighter began the quest for the
                  | Orb.
     0 | D:1      | Reached XP level 1. HP: 19/19 MP: 0/0
   218 | D:1      | Reached XP level 2. HP: 27/27 MP: 1/1
   224 | D:1      | Reached skill level 4 in Fighting
   811 | D:2      | Reached XP level 3. HP: 33/33 MP: 2/2
  1105 | D:2      | Reached XP level 4. HP: 36/41 MP: 3/3
  1804 | D:3      | Found a shattered altar of Ashenzari.
  1867 | D:3      | Reached skill level 5 in Fighting
  1867 | D:3      | Reached XP level 5. HP: 42/48 MP: 4/4
  2420 | D:4      | Reached XP level 6. HP: 55/56 MP: 5/5
  2455 | D:4      | Reached skill level 5 in Axes
  2827 | D:4      | Reached skill level 5 in Shields
  3183 | D:4      | Reached skill level 6 in Fighting
  3259 | D:4      | Reached skill level 5 in Armour
  3268 | D:4      | Found a white marble altar of Elyvilon.
  3336 | D:5      | Entered Level 5 of the Dungeon
  3346 | D:5      | Reached XP level 7. HP: 55/63 MP: 6/6
  3648 | D:5      | Reached skill level 7 in Fighting
  3658 | D:5      | Reached XP level 8. HP: 61/73 MP: 7/7
  4425 | D:6      | Reached skill level 8 in Fighting
  4500 | D:6      | Found a shimmering altar of Xom.
  4748 | D:6      | Noticed Menkaure
  4761 | D:6      | Killed Menkaure
  5285 | D:7      | Found a sparkling altar of Nemelex Xobeh.
  5291 | D:7      | Reached skill level 9 in Fighting
  5291 | D:7      | Reached XP level 9. HP: 83/83 MP: 8/8
  5368 | D:7      | Found a staircase to the Ecumenical Temple.
  5593 | Temple   | Entered the Ecumenical Temple
  5959 | Temple   | Became a worshipper of Makhleb the Destroyer
  6647 | D:8      | Found a hazy altar of Hepliaklqana.
  6797 | D:8      | Noticed a two-headed ogre
  7179 | D:8      | Reached skill level 1 in Invocations
  7198 | D:8      | Found a snail-covered altar of Cheibriados.
  7556 | D:8      | Killed a two-headed ogre
  7556 | D:8      | Reached skill level 10 in Fighting
  7761 | D:9      | Found a staircase to the Orcish Mines.
  7761 | D:9      | Found Helomul's Armour Emporium.
  7785 | D:9      | Got a dazzling chain mail
  7796 | D:9      | Identified the +1 chain mail of the Bagpipe {-Tele rCorr
                  | Int+3} (You found it on level 9 of the Dungeon)
  7802 | D:9      | Bought the +2 pair of boots of Gagidiof {Regen+} for 322
                  | gold pieces
  7885 | D:9      | Reached * piety under Makhleb
  7885 | D:9      | Reached skill level 10 in Axes
  7925 | D:9      | Found a sacrificial altar of Ru.
  8042 | D:9      | Reached XP level 10. HP: 94/94 MP: 11/11
  8102 | D:9      | Found an iron altar of Okawaru.
  8271 | D:9      | Noticed a molten gargoyle
  8272 | D:9      | Noticed a molten gargoyle
  8276 | D:9      | Noticed a molten gargoyle
  8287 | D:9      | Killed a molten gargoyle
  8297 | D:9      | Killed a molten gargoyle
  8299 | D:9      | Killed a molten gargoyle
  8425 | D:9      | Noticed a molten gargoyle
  8447 | D:9      | Killed a molten gargoyle
  8790 | D:9      | Found a bloodstained altar of Trog.
  8851 | D:9      | Reached skill level 11 in Fighting
  8993 | D:10     | Entered Level 10 of the Dungeon
  9058 | D:10     | Reached ** piety under Makhleb
  9116 | D:10     | Noticed a cyclops
  9118 | D:10     | Noticed a two-headed ogre
  9254 | D:10     | Killed a two-headed ogre
  9256 | D:10     | Reached XP level 11. HP: 83/103 MP: 13/13
  9369 | D:10     | Got a sparkling tin ring
  9687 | D:10     | Reached skill level 12 in Fighting
  9732 | D:10     | Identified the ring of Ipisoxzuq {*Tele Dex+2} (You found
                  | it on level 10 of the Dungeon)
  9874 | D:11     | Reached *** piety under Makhleb
  9908 | D:11     | Found a staircase to the Lair.
  9935 | D:11     | Noticed a cyan ugly thing
  9947 | D:11     | Killed a cyan ugly thing
 10071 | D:11     | Reached skill level 5 in Invocations
 10661 | D:12     | Noticed a two-headed ogre
 10674 | D:12     | Killed a two-headed ogre
 10931 | D:12     | Noticed a brown ugly thing
 10935 | D:12     | Reached **** piety under Makhleb
 10947 | D:12     | Killed a brown ugly thing
 11433 | D:13     | Noticed a two-headed ogre
 11434 | D:13     | Noticed a wizard
 11445 | D:13     | Killed a wizard
 11445 | D:13     | Reached skill level 13 in Fighting
 11445 | D:13     | Reached skill level 10 in Shields
 11445 | D:13     | Reached XP level 12. HP: 96/115 MP: 15/15
 11446 | D:13     | Killed a two-headed ogre
 11446 | D:13     | Reached skill level 10 in Armour
 11484 | D:13     | Found a gate to the Vaults.
 11814 | D:13     | Noticed a centaur warrior
 11830 | D:13     | Killed a centaur warrior
 11830 | D:13     | Reached ***** piety under Makhleb
 12085 | D:14     | Noticed a four-headed hydra
 12098 | D:14     | Killed an eight-headed hydra
 12591 | D:14     | Noticed a storm dragon
 12600 | D:14     | Noticed a storm dragon
 12614 | D:14     | Reached skill level 14 in Fighting
 12636 | D:14     | Killed a storm dragon
 12637 | D:14     | Killed a storm dragon
 12879 | D:14     | Noticed a catoblepas
 12926 | D:14     | Killed a catoblepas
 12926 | D:14     | Reached XP level 13. HP: 71/125 MP: 17/17
 13296 | D:15     | Entered Level 15 of the Dungeon
 13296 | D:15     | Found the +6 Majin-Bo {vamp, MP+6 Int+6}
 13395 | D:15     | Found a blossoming altar of Fedhas.
 13628 | D:15     | Found a staircase to the Depths.
 14220 | Orc:1    | Entered Level 1 of the Orcish Mines
 14240 | Orc:1    | Reached skill level 15 in Fighting
 14466 | Orc:1    | Reached skill level 15 in Axes
 14539 | Orc:1    | Noticed Erolcha
 14547 | Orc:1    | Killed Erolcha
 14692 | Orc:2    | Entered Level 2 of the Orcish Mines
 14692 | Orc:2    | Found Vexut's General Store.
 14692 | Orc:2    | Found a staircase to the Elven Halls.
 14705 | Orc:2    | Reached ****** piety under Makhleb
 14766 | Orc:2    | Found Emeck's Antique Weapon Shoppe.
 15170 | Orc:2    | Found Kuowo's Armour Shop.
 15272 | Orc:2    | Gained mutation: Your magical capacity is low. (-10% MP) [a
                  | neqoxec]
 15281 | Orc:2    | Gained mutation: Your muscles are strong. (Str +2) [a
                  | neqoxec]
 15299 | Orc:2    | HP: 6/127 [poisoned by an orange demon]
 15306 | Orc:2    | HP: 6/127 [poisoned by an orange demon]
 15564 | Orc:2    | Found Qyghemyn's Magic Scroll Shop.
 15564 | Orc:2    | Found Ruusiaz's Jewellery Shoppe.
 15565 | Orc:2    | Paralysed by an orc sorcerer for 5 turns
 15579 | Orc:2    | Reached XP level 14. HP: 48/135 MP: 17/17
 15600 | Orc:2    | Found Upeum's Jewellery Shop.
 15600 | Orc:2    | Found Gamuak's Jewellery Shoppe.
 15618 | Orc:2    | Bought a scroll of acquirement for 884 gold pieces
 15618 | Orc:2    | Acquired 1740 gold pieces
 15677 | Orc:2    | Bought the +7 plate armour of the Bulwark {Regen+ MP+9} for
                  | 1258 gold pieces
 15741 | Orc:2    | Bought the ring of Generosity {rC+ MP+9 Slay+5} for 1006
                  | gold pieces
 15859 | Lair:1   | Entered Level 1 of the Lair of Beasts
 16712 | Lair:2   | Reached skill level 1 in Dodging
 16781 | Lair:2   | Noticed Maggie
 16787 | Lair:2   | Killed Maggie
 16809 | Lair:2   | Reached skill level 16 in Fighting
 16881 | Lair:2   | Noticed Fannar
 16892 | Lair:2   | Killed Fannar
 16903 | Lair:2   | Found a staircase to the Shoals.
 17611 | Lair:3   | Found a frozen archway.
 17625 | IceCv    | Entered an ice cave
 18153 | Lair:4   | Found a staircase to the Snake Pit.
 18253 | Snake:1  | Entered Level 1 of the Snake Pit
 18256 | Snake:1  | Noticed Nikola
 18472 | Snake:1  | Killed Nikola
 18475 | Snake:1  | Noticed Donald
 18516 | Snake:1  | Killed Donald
 18548 | Snake:1  | Noticed Frances
 18551 | Snake:1  | Reached XP level 15. HP: 145/145 MP: 18/18
 18564 | Snake:1  | Killed Frances
 18739 | Snake:1  | Reached skill level 17 in Fighting
 19000 | Snake:3  | Reached skill level 5 in Dodging
 19107 | Snake:3  | Noticed a nagaraja
 19117 | Snake:3  | Killed a nagaraja
 19734 | Snake:4  | Entered Level 4 of the Snake Pit
 19734 | Snake:4  | Noticed a nagaraja
 19734 | Snake:4  | Noticed a nagaraja
 19734 | Snake:4  | Noticed a nagaraja
 19746 | Snake:4  | Killed a nagaraja
 19753 | Snake:4  | Killed a nagaraja
 19753 | Snake:4  | Noticed a nagaraja
 19755 | Snake:4  | Killed a nagaraja
 19759 | Snake:4  | Reached skill level 10 in Invocations
 19762 | Snake:4  | Killed a nagaraja
 19768 | Snake:4  | Noticed a nagaraja
 19776 | Snake:4  | Killed a nagaraja
 19776 | Snake:4  | Reached XP level 16. HP: 89/157 MP: 20/20
 20209 | Snake:4  | Reached skill level 18 in Fighting
 20777 | Snake:4  | Got a serpentine rune of Zot
 20950 | Shoals:1 | Entered Level 1 of the Shoals
 21195 | Shoals:4 | Entered Level 4 of the Shoals
 21302 | Shoals:4 | Reached skill level 19 in Fighting
 21320 | Shoals:4 | Reached XP level 17. HP: 168/168 MP: 21/21
 21360 | Shoals:4 | Got a barnacled rune of Zot
 21610 | Snake:4  | Cast into level 3 of the Abyss (unwielding a weapon of
                  | distortion)
 21610 | Abyss:3  | Found a corrupted altar of Lugonu.
 21612 | Abyss:3  | Gained mutation: Your magical capacity is very low. (-20%
                  | MP) [mutagenic glow]
 21622 | Abyss:3  | Gained mutation: Your magical capacity is extremely low.
                  | (-30% MP) [mutagenic glow]
 21638 | Abyss:3  | Gained mutation: You are occasionally teleported next to
                  | monsters. [mutagenic glow]
 21657 | Abyss:3  | Lost mutation: Your magical capacity is extremely low.
                  | (-30% MP) [mutagenic glow]
 21772 | Abyss:3  | Found a shattered altar of Ashenzari.
 21808 | Abyss:3  | Paralysed by you for 4 turns
 22266 | Abyss:3  | Got an abyssal rune of Zot
 22308 | Abyss:4  | Found a transporter.
 22646 | Snake:4  | Escaped the Abyss
 22820 | Lair:4   | Lost mutation: Your magical capacity is very low. (-20% MP)
                  | [potion of mutation]
 22820 | Lair:4   | Lost mutation: Your magical capacity is low. (-10% MP)
                  | [potion of mutation]
 22820 | Lair:4   | Lost mutation: You are occasionally teleported next to
                  | monsters. [potion of mutation]
 22820 | Lair:4   | Lost mutation: Your muscles are strong. (Str +2) [potion of
                  | mutation]
 22820 | Lair:4   | Gained mutation: You are weak. (Str -2) [potion of
                  | mutation]
 22820 | Lair:4   | Gained mutation: You have very sharp teeth. [potion of
                  | mutation]
 22820 | Lair:4   | Gained mutation: Your spells are a little harder to cast,
                  | but a little more powerful. [potion of mutation]
 23018 | Depths:1 | Entered Level 1 of the Depths
 23099 | Depths:1 | Reached skill level 15 in Shields
 23127 | Depths:1 | Reached skill level 15 in Armour
 23128 | Depths:1 | Reached skill level 20 in Fighting
 23211 | Depths:1 | Found a gateway to Hell.
 23352 | Depths:2 | Paralysed by an ogre mage for 6 turns
 23388 | Depths:2 | Noticed a lich
 23392 | Depths:2 | Reached XP level 18. HP: 39/178 MP: 26/26
 23393 | Depths:2 | Killed from afar by a fire dragon

Illustrated notes

Levels and vault maps discovered:
D:1:      minmay_arrival_four_circles, layout_loops_corners,
          minmay_split_cup_large
D:2:      layout_loops_cross, overflow_temple_1_default, lemuel_crystal_altar
D:3:      layout_basic, ashenzari_altar_1
D:4:      layout_loops_corners, lemuel_doored_altar
D:5:      layout_basic, hex_intersection, minmay_a_box_with_orc_wizards_in_it
D:6:      layout_basic, basic_altar, uniq_menkaure
D:7:      layout_loops_ring, nemelex_xobeh_ov_fountains_minmay, temple_pool_b,
          minmay_misc_feat_enclosed
D:8:      layout_loops_corners, lemuel_coloured_pillars_altar,
          cheibriados_altar_1
D:9:      layout_stronghold, okawaru_ov_weapons_minmay, nicolae_ru_awakened_eye,
          lemuel_round_altar, orc_david_3, hangedman_glass_teeth, minivault_8
D:10:     layout_cross, nrook_mini_backslash, minmay_misc_feat_five,
          minmay_statues_item, corexii_leaking_fountain
D:11:     layout_gridville, david_lair_shrubbed
D:12:     layout_loops_cross
D:13:     layout_gridville, david_vaults_1
D:14:     layout_loops_ring, chequers_decorated_corner,
          minmay_checkered_concentric_circles
D:15:     gammafunk_depths_entry_grave, layout_loops_ring, fedhas_altar_3
Temple:   minmay_temple_forest_path
Lair:1:   layout_chaotic_city
Lair:2:   layout_cellular_growth, minmay_shoals_entry_centaurs, uniq_fannar,
          uniq_maggie
Lair:3:   layout_misc_corridors, portal_ice_cave_rime, lemuel_fruit_tree
Lair:4:   layout_gridlike, guppyfry_snake_entry_island, beast_lair_carwin_9,
          uniq_nergalle
Shoals:1: layout_shoals, uniq_louise
Shoals:2: layout_shoals, nicolae_shoals_water_elemental_grotto
Shoals:3: layout_shoals
Shoals:4: shoals_end_grunt_garden, layout_shoals, serial_shops, shop,
          uniq_polyphemus
Snake:1:  layout_basic, serial_shops, shop, guppyfry_library_mini, uniq_jorgrun,
          uniq_frances, uniq_nikola, uniq_donald
Snake:2:  layout_chambers
Snake:3:  layout_layer_cave
Snake:4:  snake_hunt, layout_basic, basic_altar, grunt_megastairs_2
Orc:1:    layout_caves, uniq_erolcha
Orc:2:    grunt_orc_tribal_feast, layout_caves, serial_shops,
          nicolae_shop_overgrown_old_shop, shop, shop_coins
Depths:1: layout_forbidden_donut, hell_entry, grunt_pan_entry_in_and_out,
          kennysheep_flooded_box, st_stairs_6, kennysheep_generic_room_12,
          grunt_megastairs_4
Depths:2: hangedman_pleasuredromes, hell_entry

Skill      XL: |  1  2  3  4  5  6  7  8  9 10 11 12 13 14 15 16 17 |
---------------+----------------------------------------------------+-----
Fighting       | 4 5 6 7 9 10 11 13 14 15 16 17 19 20 | 20.2
Axes           | 3 4 5 6 8 10 11 12 14 15 16 17 18 | 18.0
Shields        | 4 5 6 7 8 10 11 12 13 14 15 | 15.2
Armour         | 4 5 6 7 8 9 10 11 12 13 14 15 | 15.2
Invocations    | 2 4 5 7 8 9 10 11 12 | 12.0
Dodging        | 4 6 8 9 |  9.6

Action                   |  1- 3 |  4- 6 |  7- 9 | 10-12 | 13-15 | 16-18 || total
-------------------------+-------+-------+-------+-------+-------+-------++-------
Melee: War axe           |    91 |   129 |   277 |   626 |   461 |       ||  1584
       Headbutt          |     8 |    14 |    54 |   150 |   219 |   219 ||   664
       Broad axe         |       |       |       |       |   441 |   778 ||  1219
       Bite              |       |       |       |       |       |    32 ||    32
Invok: Lesser Servant of |       |       |       |     2 |     4 |       ||     6
Evoke: Wand              |       |       |     1 |     7 |       |    10 ||    18
  Use: Potion            |       |     1 |     2 |    12 |     3 |     7 ||    25
       Scroll            |       |       |    14 |     8 |    16 |     9 ||    47
 Stab: Invisible         |       |       |       |    10 |       |       ||    10
Armor: Scale mail        |    49 |    52 |     7 |       |       |       ||   108
       Chain mail        |       |       |   105 |   279 |       |       ||   384
       Skin              |       |       |       |    28 |       |       ||    28
       Storm dragon scal |       |       |       |    18 |   197 |       ||   215
       Plate armour      |       |       |       |       |   265 |   484 ||   749
Dodge: Dodged            |    42 |    37 |    89 |   257 |   283 |   188 ||   896
Block: Kite shield       |    70 |    71 |   138 |   389 |   566 |     7 ||  1241
       Tower shield      |       |       |       |       |       |   739 ||   739

Table legend: (Time is in decaauts)
 A = Elapsed time spent in this place.
 B = Non-inter-level travel time spent in this place.
 C = Inter-level travel time spent in this place.
 D = Time resting spent in this place.
 E = Time spent auto-exploring this place.
 F = Levels seen in this place.
 G = Mean time per level.
                   A        B        C        D        E       F      G
               +--------+--------+--------+--------+--------+-----+--------+
         Total |  23221 |  21459 |   1762 |   1439 |  14822 |  35 |  663.5 |
       Dungeon |  14048 |  13257 |    791 |    996 |   9746 |  15 |  936.5 |
        Temple |    415 |    329 |     86 |      0 |    326 |   1 |  415.0 |
          Lair |   2803 |   2556 |    247 |    180 |   1910 |   4 |  700.8 |
        Shoals |    492 |    427 |     65 |     27 |    102 |   4 |  123.0 |
     Snake Pit |   2648 |   2263 |    385 |     18 |   1562 |   4 |  662.0 |
  Orcish Mines |   1480 |   1295 |    185 |    215 |    719 |   2 |  740.0 |
        Depths |    359 |    359 |      0 |      0 |    148 |   2 |  179.5 |
         Abyss |    959 |    959 |      0 |      3 |    308 |   2 |  479.5 |
      Ice Cave |     14 |     14 |      0 |      0 |      0 |   1 |   14.0 |
               +--------+--------+--------+--------+--------+-----+--------+

Top non-repeatable levels by time:
     D:8: 1567 daAuts
     D:9: 1360 daAuts
    D:14: 1234 daAuts
     D:4: 1146 daAuts
     D:5: 1091 daAuts
 Snake:4: 1057 daAuts
     D:1: 996 daAuts
    D:11: 938 daAuts
   Orc:2: 898 daAuts
 Snake:3: 883 daAuts
  Lair:2: 881 daAuts
     D:7: 808 daAuts
     D:3: 787 daAuts
    D:15: 786 daAuts
    D:12: 774 daAuts
